Cogmind - Beta 16 @@@ ROGUE MODE // 2025.11.17 @ 21:04:43 Player: jumpy Result: Destroyed by H-88 Terminator with KE Penetrator Performance ------------- Evolutions (9) 4500 Regions Visited (20) 4000 Robots Destroyed (100) 500 Value Destroyed (3485) 3485 Prototype IDs (42) 840 Alien Tech Used (3) 600 Bonus (3466) 3466 TOTAL SCORE: 17391 Bonus ------- High Alert Combat Kills 60 Follower Combat Kills 154 Met Zhirov 300 Met Warlord at Base 500 MAIN.C Attacked Warlord 500 Met Warlord at Research 2000 Friendly Fire -48 Cogmind --------- Core Integrity 0/1600 Matter 300/300 Energy 100/100 System Corruption 17% Temperature Cool (0) Movement Core (50) Location -1/Access Parts ------- > --- POWER (2) -------- (None) > --- PROPULSION (8) --- (None) > --- UTILITY (12) ----- (None) > --- WEAPON (3) ------- (None) > --- INVENTORY (5) ---- Advanced Cryofiber Web Peak State ------------ > --- POWER ------------ Quantum Reactor Improved Quantum Reactor > --- PROPULSION ------- Improved Antigrav System Improved Antigrav System Improved Antigrav System Improved Antigrav System Improved Gyrokinetic Inverter Improved Gyrokinetic Inverter Cooled Antigrav System Combat Antigrav System > --- UTILITY ---------- Coolant Network Advanced Signal Interpreter Transport Network Coupler Advanced Targeting Computer Experimental Core Analyzer Experimental Core Analyzer Advanced ECM Suite Advanced Phase Shifter Improved Light Armor Plating Experimental Focal Shield Improved System Shield > --- WEAPON ----------- Graviton Cannon Guided Micro-nuke Launcher > --- INVENTORY -------- Micro Antimatter Reactor Improved Antigrav System Enhanced Nova Cannon [Rating: 187] Favorites ----------- Power Backup Power III Engine Backup Power III Power Core Light Neutrino Core Reactor Light Particle Reactor Propulsion Aluminum Leg Leg Aluminum Leg Hover Unit Improved Hover Unit Flight Unit Impulse Thruster Array Utility Large Storage Unit Device Trap Extractor Storage Large Storage Unit Processor Improved Signal Interpreter Hackware Hacking Suite Protection Layered Medium Armor Plating Weapon Chainsword Energy Gun Pulse Rifle Energy Cannon HERF Cannon Ballistic Gun Light Assault Rifle Ballistic Cannon Graviton Cannon Launcher Guided Micro-nuke Launcher Special Weapon Plasma Flamer Impact Weapon Power Maul Slashing Weapon Chainsword Special Melee Weapon Improved Datajack Build | -11 -10 -10 -9 -8 -7 -6 -5 -5 -5 -5 -4 -4 -4 -4 -4 -3 -3 -3 -2 -1 ------- Run | Yrd Mat Min Mat Mat Fac Fac Fac Upp Upp Zhi Pro Fac Upp Upp War Pro Res Tes Res Acc Slots Evolved 18 | . . . 2 2 2 2 2 . . . . 2 . . . . 2 . 2 2 Power 1 | . . . . . . . 1 . . . . . . . . . . . . . Propulsion 6 | . . . 1 1 1 1 . . . . . 1 . . . . . . 1 . Utility 10 | . . . 1 1 1 1 1 . . . . 1 . . . . 2 . 1 1 Weapon 1 | . . . . . . . . . . . . . . . . . . . . 1 Parts Attached 167 | 7 2 6 21 16 11 2 12 1 . 1 3 6 . 3 7 2 3 5 49 10 Power 30 | 1 . 1 4 2 2 . 3 . . . . 1 . 1 1 1 1 1 10 1 Engine 11 | 1 . 1 4 2 1 . 1 . . . . . . . . 1 . . . . Core 5 | . . . . . 1 . 1 . . . . 1 . 1 1 . . . . . Reactor 14 | . . . . . . . 1 . . . . . . . . . 1 1 10 1 Propulsion 54 | 2 . 1 10 8 2 . 4 . . 1 1 1 . 2 2 . . . 16 4 Treads . | . . . . . . . . . . . . . . . . . . . . . Leg 17 | 2 . 1 10 4 . . . . . . . . . . . . . . . . Wheel . | . . . . . . . . . . . . . . . . . . . . . Hover 35 | . . . . 4 2 . 4 . . 1 1 1 . 2 2 . . . 15 3 Flight 2 | . . . . . . . . . . . . . . . . . . . 1 1 Utility 51 | 2 1 . 2 2 4 2 3 . . . 2 2 . . 3 1 2 2 19 4 Device 27 | 1 . . 1 2 2 1 1 . . . 2 2 . . 2 . 1 1 8 3 Storage 3 | 1 1 . . . . . . . . . . . . . . . . . 1 . Processor 14 | . . . 1 . . . 1 . . . . . . . 1 1 1 . 8 1 Hackware 2 | . . . . . 1 . . . . . . . . . . . . . 1 . Protection 5 | . . . . . 1 1 1 . . . . . . . . . . 1 1 . Artifact . | . . . . . . . . . . . . . . . . . . . . . Weapon 32 | 2 1 4 5 4 3 . 2 1 . . . 2 . . 1 . . 2 4 1 Energy Gun 8 | . . . 1 4 1 . 1 . . . . . . . 1 . . . . . Energy Cannon 5 | . . . . . 1 . . . . . . 2 . . . . . 1 . 1 Ballistic Gun 10 | 2 1 4 3 . . . . . . . . . . . . . . . . . Ballistic Cannon 2 | . . . . . . . . . . . . . . . . . . . 2 . Launcher 1 | . . . . . . . . . . . . . . . . . . . 1 . Special Weapon 1 | . . . . . . . . . . . . . . . . . . . 1 . Impact Weapon 1 | . . . . . 1 . . . . . . . . . . . . . . . Slashing Weapon 1 | . . . . . . . 1 . . . . . . . . . . . . . Piercing Weapon . | . . . . . . . . . . . . . . . . . . . . . Special Melee Weapon 3 | . . . 1 . . . . 1 . . . . . . . . . 1 . . Unidentified Prototypes 26 | . . . . 2 1 . 3 . . 1 . 1 . 1 1 . 1 3 9 3 Parts Lost 74 | . . . 6 13 . 1 1 . . . 1 2 5 10 1 1 . 8 5 20 Power 11 | . . . 1 3 . . . . . . . . . 2 . 1 . 1 1 2 Propulsion 37 | . . . 2 6 . . . . . . 1 1 3 5 1 . . 3 4 11 Utility 16 | . . . . 2 . . 1 . . . . 1 2 2 . . . 3 . 5 Weapon 10 | . . . 3 2 . 1 . . . . . . . 1 . . . 1 . 2 Highest Loss Streak 10 | . . . 2 8 . 1 1 . . . 1 2 4 10 1 1 . 8 4 9 To Critical Strikes 2 | . . . . . . . . . . . . . . . . . . 1 . 1 Average Backups 9 | 4 7 11 14 14 9 14 14 15 15 15 14 10 9 10 4 2 2 3 4 2 Power 1 | . 1 1 1 1 . 1 1 1 1 1 1 . . 1 . . . 2 2 . Propulsion 2 | 1 2 2 4 5 2 5 5 3 3 2 1 . . . . . . . . . Utility 3 | . 2 3 4 3 4 6 6 6 7 7 7 5 4 4 2 2 2 1 . . Weapon 1 | 1 2 3 3 2 . 2 2 3 3 3 3 2 3 2 . . . . 1 . Tool/Special . | . . . . . . . . . . . . . . . . . . . . . Unused Backups 29 | 1 . 2 7 4 . 1 2 1 . . . . . 2 . . 1 3 4 1 Power 8 | . . 1 1 1 . . . 1 . . . . . . . . 1 2 1 . Propulsion 6 | . . 1 2 1 . . 1 . . . . . . . . . . . 1 . Utility 10 | . . . 3 1 . . 1 . . . . . . 1 . . . 1 2 1 Weapon 4 | 1 . . 1 1 . . . . . . . . . 1 . . . . . . Tool/Special 1 | . . . . . . 1 . . . . . . . . . . . . . . Average Slot Usage (%) 78 | . 100 100 97 93 81 95 85 92 94 94 94 97 72 52 50 63 63 68 53 53 Engine 5 | . 14 14 10 8 1 . 1 . . . . . . . 6 4 3 3 . . Core 2 | . . . . . 3 6 3 5 5 5 5 9 7 4 3 5 2 . . . Reactor 1 | . . . . . . . . . . . . . . . . . 1 3 7 4 Leg 10 | . 28 28 32 31 . . . . . . . . . . . . . . . . Hover 14 | . . . . . 38 39 35 35 35 35 35 35 21 13 10 15 14 13 18 16 Device 12 | . 14 14 11 16 4 13 15 17 17 17 17 21 16 9 7 15 14 13 7 10 Storage 5 | . 14 14 11 9 7 6 5 5 5 5 5 5 5 4 . . . . . . Processor 7 | . . . 10 9 5 . 3 5 5 5 5 5 5 5 9 10 16 19 13 14 Hackware 2 | . . . . . 3 6 5 5 5 5 5 5 5 5 5 5 4 4 2 3 Protection 1 | . . . . . 6 12 6 5 5 5 5 4 . . . . . 1 . . Energy Gun 2 | . . . . 17 2 . . . . . . . . . 5 . . . . . Ballistic Gun 6 | . 28 28 20 . . . . . . . . . . . . . . . . . Slashing Weapon 1 | . . . . . . . 3 5 5 5 5 5 5 4 . . . . . . Special Melee Weapon 1 | . . . . . 3 3 . 3 5 5 5 3 4 4 . . . 3 . . Peak Build Rating 187 | 7 8 12 14 26 35 42 68 65 65 69 72 89 81 44 68 61 74 86 164 187 Average Rating 43 | 6 7 8 13 22 25 41 51 64 65 67 69 84 58 40 40 59 62 73 84 103 On Entrance 45 | . 7 8 12 14 12 35 38 62 65 65 69 72 79 44 8 59 61 67 17 164 Avg Prop Armor Cover (%) 8 | . . . . . 9 4 . . . . . . . . . . . . . 4 Naked Turns 93 | . . . . . . . . . . . . . . . . . . . 41 52 Heaviest Build 74 | 11 27 34 34 38 34 38 45 46 46 46 48 69 54 37 26 26 32 30 63 74 Greatest Support 116 | 20 20 20 30 52 35 43 54 54 53 58 58 67 58 35 31 31 31 31 116 101 Greatest Overweight (x) 2 | . 1 1 1 1 1 1 . . . . . 1 1 2 2 . 1 2 1 1 Average Overweight (x) . | . . 1 . . . . . . . . . . . . . . . . . . Largest Inventory Capacity 15 | 8 15 15 15 15 15 15 15 15 15 15 15 15 15 15 5 5 5 5 5 5 Average Capacity 11 | 7 13 15 15 15 15 15 15 15 15 15 15 15 15 14 5 5 5 5 5 5 Most Carried 15 | 7 9 15 15 15 15 15 15 15 15 15 15 13 10 11 5 5 5 5 5 5 Average Carried 9 | 4 7 11 14 14 9 14 14 14 15 14 14 10 9 10 4 4 2 4 4 2 Final Capacity 15 | 8 15 15 15 15 15 15 15 15 15 15 15 15 15 5 5 5 5 5 5 5 Final Carried 15 | 7 9 15 15 9 15 15 15 15 15 15 14 9 10 5 3 4 4 5 5 1 Class Distribution -------------------- 47% | Mutant 24% | Scout 21% | Scavenger-Mutant 5% | Commander-Mutant Dominant Class ---------------- Mutant | -10/Materials Mutant | -10/Mines Scavenger-Mutant | -9/Materials Scavenger-Mutant | -8/Materials Mutant | -7/Factory Mutant | -6/Factory Scout | -5/Factory Scout | -5/Upper Caves Scout | -5/Upper Caves Scout | -5/Zhirov Scout | -4/Proximity Caves Scout | -4/Factory Mutant | -4/Upper Caves Mutant | -4/Upper Caves Commander-Mutant | -4/Warlord Scout | -3/Proximity Caves Scout | -3/Research Scout | -3/Testing Mutant | -2/Research Mutant | -1/Access Resources | -11 -10 -10 -9 -8 -7 -6 -5 -5 -5 -5 -4 -4 -4 -4 -4 -3 -3 -3 -2 -1 ----------- Run | Yrd Mat Min Mat Mat Fac Fac Fac Upp Upp Zhi Pro Fac Upp Upp War Pro Res Tes Res Acc Matter Collected 3174 | 320 76 146 692 131 98 . 100 93 59 40 30 40 55 8 99 40 . . 591 556 Remotely . | . . . . . . . . . . . . . . . . . . . . . Salvage Created 3427 | 126 144 137 1126 807 137 . 24 93 . 99 30 173 . 103 . . . . . 428 Parts 197 | 15 6 7 72 47 6 . 2 3 . 2 . 6 . 6 . . . . . 25 Haulers Intercepted 2 | . 1 . . 1 . . . . . . . . . . . . . . . . Recyclers Shooed 2 | . 1 1 . . . . . . . . . . . . . . . . . . Parts Field Recycled . | . . . . . . . . . . . . . . . . . . . . . Retrieved Matter . | . . . . . . . . . . . . . . . . . . . . . Parts Self-Destructed 7 | . . . . . . . . 2 . . . . . 5 . . . . . . Prevented 9 | . . . . . . . . . . . 2 . . . . 7 . . . . Parts Restored . | . . . . . . . . . . . . . . . . . . . . . Kills | -11 -10 -10 -9 -8 -7 -6 -5 -5 -5 -5 -4 -4 -4 -4 -4 -3 -3 -3 -2 -1 ------- Run | Yrd Mat Min Mat Mat Fac Fac Fac Upp Upp Zhi Pro Fac Upp Upp War Pro Res Tes Res Acc Combat Hostiles Destroyed 78 | . 2 6 24 23 1 . . 1 . . . 2 . 2 . . . . . 17 Melee 3 | . . . . . . . . 1 . . . . . 2 . . . . . . Guns 54 | . 2 6 24 21 1 . . . . . . . . . . . . . . . Cannons 8 | . . . . . . . . . . . . . . . . . . . . 8 AOE 8 | . . . . . . . . . . . . . . . . . . . . 8 Classes Destroyed 14 | 2 3 2 4 1 1 . . 1 . . . . . . . . . . . . Worker 4 | . 1 . 2 1 . . . . . . . . . . . . . . . . Tunneler 6 | 5 . . 1 . . . . . . . . . . . . . . . . . Hauler 2 | . 1 . . 1 . . . . . . . . . . . . . . . . Recycler 3 | 1 . . . 1 1 . . . . . . . . . . . . . . . Minesweeper 2 | . . . . . . . . 1 . . 1 . . . . . . . . . Operator 4 | . . . 1 1 1 . 1 . . . . . . . . . . . . . Watcher 1 | . . . 1 . . . . . . . . . . . . . . . . . Swarmer 25 | . . 3 3 10 . . . . . . . . . . . . . . . 9 Grunt 27 | . 2 2 13 9 . . . 1 . . . . . . . . . . . . Brawler 2 | . . . 2 . . . . . . . . . . . . . . . . . Sentry 11 | . . . 6 3 . . . . . . . 2 . . . . . . . . Demolisher 1 | . . 1 . . . . . . . . . . . . . . . . . . Hunter 5 | . . . . 1 . . . . . . . . . . . . . . . 4 Programmer 7 | . . . . . 1 . . . . . . . . 2 . . . . . 4 Best Kill Streak 7 | 2 2 3 5 7 1 . 1 2 . . 1 1 . 1 . . . . . 7 Combat Bots Only 7 | . 1 3 4 7 1 . . 1 . . . 1 . 1 . . . . . 7 Max Kills in Single Turn 3 | 1 1 1 1 2 1 . 1 1 . . 1 1 . 1 . . . . . 3 Gunslinging 1 | . . . . 1 . . . . . . . . . . . . . . . . Exploded 3 | . . . . . . . . . . . . . . . . . . . . 3 Melee 1 | . . . . . . . . 1 . . . . . 1 . . . . . . Uniques/NPCs Destroyed . | . . . . . . . . . . . . . . . . . . . . . Combat | -11 -10 -10 -9 -8 -7 -6 -5 -5 -5 -5 -4 -4 -4 -4 -4 -3 -3 -3 -2 -1 -------- Run | Yrd Mat Min Mat Mat Fac Fac Fac Upp Upp Zhi Pro Fac Upp Upp War Pro Res Tes Res Acc Hostile Shots Fired 1026 | . 5 26 111 162 21 21 10 6 . . 8 12 32 112 6 10 . 110 74 300 Missed 377 | . 1 3 29 55 12 10 4 1 . . 3 3 13 38 4 5 . 60 28 108 Hits 649 | . 4 23 82 107 9 11 6 5 . . 5 9 19 74 2 5 . 50 46 192 Melee 2 | . . . 2 . . . . . . . . . . . . . . . . . Projectile 647 | . 4 23 80 107 9 11 6 5 . . 5 9 19 74 2 5 . 50 46 192 AOE 4 | . . 2 . . . . . . . . . . . . . . . . 2 . Critical Strikes 32 | . . . 4 3 1 . . . . . . . 1 5 . . . 1 2 15 Actively Blocked 1 | . . . . . 1 . . . . . . . . . . . . . . . Part Disruptions 1 | . . . . . . . . . . . . . . . . . . . . 1 Damage Taken 12480 | . 44 301 1027 1564 108 109 201 94 . . 189 688 352 1402 124 69 . 786 1395 4027 Core 4295 | . 33 59 144 380 14 16 79 . . . . 250 60 604 . 25 . 276 743 1612 Absorbed by Shields . | . . . . . . . . . . . . . . . . . . . . . Redirected to Shielding 264 | . . . . . 38 27 48 . . . . . . . . . . 151 . . Ignored by Resistances 519 | . . . . . . . . . . . . . . . . . . . 22 497 Regen/Repaired (Parts) 13 | . . . . . . . . . . . . . . . . . . . 13 . Core Remaining (%) 68 | 100 . 63 64 30 98 98 . . . . 92 . . . . 12 . 78 48 . Volleys Fired 305 | 25 24 21 85 64 6 . 1 . . . . 4 . . 4 3 . . 2 66 Largest 2 | 2 2 2 2 2 1 . 1 . . . . 1 . . 2 1 . . 1 1 Hottest 126 | 40 40 40 46 126 63 . 30 . . . . 88 . . 88 88 . . 58 120 Shots Fired 521 | 50 48 42 166 128 6 . 1 . . . . 4 . . 5 3 . . 2 66 Gun 442 | 50 48 42 166 128 6 . . . . . . . . . 2 . . . . . Cannon 72 | . . . . . . . 1 . . . . 4 . . 3 3 . . 2 59 Launcher 7 | . . . . . . . . . . . . . . . . . . . . 7 Special . | . . . . . . . . . . . . . . . . . . . . . Kinetic 343 | 50 48 42 166 . . . . . . . . . . . . . . . 2 35 Thermal 161 | . . . . 128 6 . 1 . . . . . . . 2 . . . . 24 Explosive 7 | . . . . . . . . . . . . . . . . . . . . 7 Electromagnetic 10 | . . . . . . . . . . . . 4 . . 3 3 . . . . Robot Hit Streak 26 | 9 7 9 26 14 5 . . . . . . 5 . . 1 . . . . 6 Robot Miss Streak 7 | 3 3 2 5 3 1 . . . . . . . . . 2 5 . . . 7 Penetration Max . | . . . . . . . . . . . . . . . . . . . . . Secondary Targets 2 | . . . 1 1 . . . . . . . . . . . . . . . . Max Gunslinging Chain 1 | . . . 1 1 . . . . . . . . . . . . . . . . Shots Hit Robots 395 | 33 33 31 122 97 7 1 3 5 . 2 3 4 1 12 1 . . 8 . 32 Core Hits 162 | 13 14 14 43 38 3 . . 3 . 1 1 1 . 4 . . . . . 27 Critical Kills 1 | . . . . . . . . . . . . . . . . . . . . 1 Critical Parts Destroyed 3 | . 1 . 1 . 1 . . . . . . . . . . . . . . . Critical Strikes 14 | . 1 . 1 9 1 . . . . . . . . 1 . . . . . 1 Burn 9 | . . . . 9 . . . . . . . . . . . . . . . . Meltdown 1 | . . . . . . . . . . . . . . . . . . . . 1 Destroy 2 | . 1 . 1 . . . . . . . . . . . . . . . . . Smash 1 | . . . . . 1 . . . . . . . . . . . . . . . Sever 1 | . . . . . . . . . . . . . . 1 . . . . . . Melee Attacks 56 | . . . . . 3 6 5 8 . 2 5 . 1 18 . . . 8 . . Impact 8 | . . . . . 2 6 . . . . . . . . . . . . . . Slashing 38 | . . . . . . . 5 8 . 2 5 . . 18 . . . . . . Piercing . | . . . . . . . . . . . . . . . . . . . . . Sneak Attacks 15 | . . . . . 2 1 1 1 . . 1 . 1 . . . . 8 . . Combat Hostiles . | . . . . . . . . . . . . . . . . . . . . . Follow-up Attacks . | . . . . . . . . . . . . . . . . . . . . . Damage Inflicted 8918 | 250 288 315 1792 1636 166 72 163 240 . 142 154 129 . 420 71 . . . . 3080 Guns 4378 | 250 288 315 1792 1622 102 . . . . . . . . . 9 . . . . . Cannons 1641 | . . . . . . . . . . . . 129 . . 62 . . . . 1450 Explosions 1630 | . . . . . . . . . . . . . . . . . . . . 1630 Melee 1255 | . . . . . 64 72 163 240 . 142 154 . . 420 . . . . . . Ramming 14 | . . . . 14 . . . . . . . . . . . . . . . . Kinetic 3370 | 250 288 315 1792 . . . . . . . . . . . . . . . . 725 Thermal 2458 | . . . . 1622 102 . . . . . . . . . 9 . . . . 725 Explosive 1630 | . . . . . . . . . . . . . . . . . . . . 1630 Electromagnetic 191 | . . . . . . . . . . . . 129 . . 62 . . . . . Impact 136 | . . . . . 64 72 . . . . . . . . . . . . . . Slashing 1119 | . . . . . . . 163 240 . 142 154 . . 420 . . . . . . Piercing . | . . . . . . . . . . . . . . . . . . . . . Highest Corruption 17 | . . . . . . 1 3 3 3 3 3 1 . 6 6 . . . 1 17 Average Corruption 4 | . . . . . . 1 3 3 3 3 3 1 . 5 6 . . . 1 14 Corruption Purged 1 | . . . . . . . . . . . . 1 . . . . . . . . Corruption Blocked . | . . . . . . . . . . . . . . . . . . . . . Effects 47 | . . . . . . . . 4 2 2 11 . . 4 1 . . . 3 20 Message Errors 9 | . . . . . . . . . . . 1 . . . . . . . 1 7 Matter Fused 6 | . . . . . . . . . . 1 . . . 1 . . . . . 4 Heat Flow Errors 6 | . . . . . . . . . 1 . 4 . . . 1 . . . . . Energy Discharges 5 | . . . . . . . . . . . 2 . . 1 . . . . . 2 Parts Fused 1 | . . . . . . . . . . 1 . . . . . . . . . . Data Loss (minor) 12 | . . . . . . . . 4 . . 2 . . 2 . . . . 2 2 Data Loss (major) 2 | . . . . . . . . . 1 . 1 . . . . . . . . . Alerts 2 | . . . . . . . . . . . 1 . . . . . . . . 1 Misdirections 4 | . . . . . . . . . . . . . . . . . . . . 4 Overload Shots . | . . . . . . . . . . . . . . . . . . . . . Overflow Damage 421 | . . . . . 64 . 68 40 . 66 49 . . 34 . . . . . 100 Projectiles 52 | . . . . . . . . . . . . . . . . . . . . 52 Explosions 48 | . . . . . . . . . . . . . . . . . . . . 48 Melee 321 | . . . . . 64 . 68 40 . 66 49 . . 34 . . . . . . Knockbacks 2 | . . . . . . . . . . . . . . . . . . . . 2 Impact . | . . . . . . . . . . . . . . . . . . . . . Kinetic 2 | . . . . . . . . . . . . . . . . . . . . 2 Secondary . | . . . . . . . . . . . . . . . . . . . . . Self-Inflicted Damage 63 | . . . . . . . . . . . . . . . . . . . . 63 Shots 2 | . . . . . . . . . . . . . . . . . . . . 2 Rammed . | . . . . . . . . . . . . . . . . . . . . . Targets Rammed 2 | . . . . 2 . . . . . . . . . . . . . . . . Kicked 2 | . . . . 2 . . . . . . . . . . . . . . . . Crushed . | . . . . . . . . . . . . . . . . . . . . . Highest Temperature 388 | . 12 18 19 264 . . . 8 206 . 204 18 . . 203 3 . . 388 96 Average Temperature 59 | . 7 10 6 66 . . . 8 102 . 73 10 . . 73 2 . . 106 39 Received Heat Transfer 1287 | . 24 60 402 549 . . 18 45 . . 18 18 39 27 9 . . 48 30 . Siege Activations . | . . . . . . . . . . . . . . . . . . . . . Martial Activations . | . . . . . . . . . . . . . . . . . . . . . Shielding Activations . | . . . . . . . . . . . . . . . . . . . . . Robots Disrupted . | . . . . . . . . . . . . . . . . . . . . . Combat Hostiles . | . . . . . . . . . . . . . . . . . . . . . Robots Corrupted 2 | . . . . . . . . . . . . 2 . . . . . . . . Combat Hostiles 2 | . . . . . . . . . . . . 2 . . . . . . . . Parts Fried 4 | . . . . . 2 . . . . . . 2 . . . . . . . . Impact Corruptions 1 | . . . . . 1 . . . . . . . . . . . . . . . Robots Melted 3 | . . . . 2 . . . . . . . . . . . . . . . 1 Combat Hostiles 3 | . . . . 2 . . . . . . . . . . . . . . . 1 Parts Melted 8 | . . . . 3 . . . . . . . . . . . . . . . 5 Heat Transferred 4978 | . . . . 4218 185 . . . . . . . . . 20 . . . . 555 Parts Sabotaged . | . . . . . . . . . . . . . . . . . . . . . Parts Stolen . | . . . . . . . . . . . . . . . . . . . . . Parts Stripped . | . . . . . . . . . . . . . . . . . . . . . Power Chain Reactions . | . . . . . . . . . . . . . . . . . . . . . Alert | -11 -10 -10 -9 -8 -7 -6 -5 -5 -5 -5 -4 -4 -4 -4 -4 -3 -3 -3 -2 -1 ------- Run | Yrd Mat Min Mat Mat Fac Fac Fac Upp Upp Zhi Pro Fac Upp Upp War Pro Res Tes Res Acc Maximum Alert Level 2 | . . . 1 1 . . . . . . . 1 . . . . 2 1 . 2 Low Security (%) 86 | 100 100 100 99 87 100 100 100 . . . . . . . . . . 96 100 15 Level 1 9 | . . . . 12 . . . . . . . 100 . . . . 21 3 . 66 Level 2 3 | . . . . . . . . . . . . . . . . . 78 . . 18 Level 3 . | . . . . . . . . . . . . . . . . . . . . . Level 4 . | . . . . . . . . . . . . . . . . . . . . . Level 5 . | . . . . . . . . . . . . . . . . . . . . . High Security . | . . . . . . . . . . . . . . . . . . . . . Max Security . | . . . . . . . . . . . . . . . . . . . . . Peak Influence 450 | 10 30 60 201 323 109 30 15 . . . . 300 . . . . 450 218 109 436 Initial 450 | . . 4 . 74 109 . 14 . . . . 300 . . . . 450 154 109 23 Average 83 | 1 3 8 90 103 37 2 2 . . . . 268 . . . . 414 83 25 321 Influence Increases 4479 | 30 83 140 696 675 88 63 47 25 . . 35 400 105 50 138 60 495 335 288 726 Destroy 0b10 Robot/C 1660 | . 40 120 480 460 20 . . 20 . . . 40 . 40 100 . . . . 340 Destroy 0b10 Robot/NC 115 | 30 10 . 25 20 10 . 5 5 . . 5 . . . 5 . . . . . Destroy Leader 366 | . 12 20 142 102 10 . . . . . . 20 . 10 . . . . . 50 Allied During Kill 33 | . . . . . . . . . . . . . . . 33 . . . . . Trap Triggered on 0b10 30 | . . . . . . . . . . . . 10 . . . . . 20 . . Successful Hack 35 | . 6 . . . 17 . 12 . . . . . . . . . . . . . Disable Machine 90 | . . . . 15 . . 15 . . . . . . . . . . . 15 45 Destroy Structure 275 | . . . 4 3 1 3 . . . . . . . . . . . . 3 261 Advance Influence 750 | . . . . . . . . . . . . 300 . . . . 450 . . . Partial Spotted 105 | . . . . . 15 15 . . . . . . . . . . . . 75 . Lose Combat Pursuer 1020 | . 15 . 45 75 15 45 15 . . . 30 30 105 . . 60 45 315 195 30 Influence Decreases 4176 | 30 72 151 518 610 330 34 77 25 . . 35 140 345 70 138 60 220 415 444 462 Entered New Map 586 | . . 7 . 104 134 1 16 . . . . . 97 4 . . . 121 86 16 Time Decay 2786 | 30 72 144 458 376 196 33 61 25 . . 35 120 198 32 58 50 120 214 318 246 Search Patrol Dispatched 100 | . . . . . . . . . . . . . . . . . 100 . . . Lost Part 624 | . . . 60 130 . . . . . . . 20 50 34 . 10 . 80 40 200 Lost Ally 80 | . . . . . . . . . . . . . . . 80 . . . . . Squads Dispatched 30 | . 1 . 4 5 2 3 1 . . . . 1 . . . . . 3 3 7 Investigation 6 | . . . 1 3 1 . . . . . . 1 . . . . . . . . Extermination 5 | . . . . . 1 1 . . . . . . . . . . . 1 . 2 Reinforcement 15 | . 1 . 3 2 . 2 1 . . . . . . . . . . 2 3 1 Assault . | . . . . . . . . . . . . . . . . . . . . . Garrison 4 | . . . . . . . . . . . . . . . . . . . . 4 Intercept . | . . . . . . . . . . . . . . . . . . . . . Searches Triggered 1 | . . . . . . . . . . . . . . . . . 1 . . . Construction Impeded 1 | . . . . . . . . . . . . . . . . . . . . 1 Haulers Reinforced 2 | . . . . . . . . . . . . . . . . . . . 2 . Active Scanning Responses . | . . . . . . . . . . . . . . . . . . . . . Cargo Convoy Interrupts . | . . . . . . . . . . . . . . . . . . . . . Stealth | -11 -10 -10 -9 -8 -7 -6 -5 -5 -5 -5 -4 -4 -4 -4 -4 -3 -3 -3 -2 -1 --------- Run | Yrd Mat Min Mat Mat Fac Fac Fac Upp Upp Zhi Pro Fac Upp Upp War Pro Res Tes Res Acc Distress Signals 25 | . 2 . 3 3 1 . . . . . 1 . . . 1 . 1 5 5 3 Communications Jammed . | . . . . . . . . . . . . . . . . . . . . . Distress Signals . | . . . . . . . . . . . . . . . . . . . . . Times Spotted 243 | . 7 7 32 39 10 6 5 1 . . 5 7 7 5 13 9 4 27 23 36 Peak Tracking Total 16 | . 3 2 4 6 4 3 3 1 . . 3 2 6 3 11 4 4 16 6 10 Tactical Retreats 32 | . 1 . 1 3 1 2 1 . . . 1 2 2 . . 3 1 5 7 2 Traps | -11 -10 -10 -9 -8 -7 -6 -5 -5 -5 -5 -4 -4 -4 -4 -4 -3 -3 -3 -2 -1 ------- Run | Yrd Mat Min Mat Mat Fac Fac Fac Upp Upp Zhi Pro Fac Upp Upp War Pro Res Tes Res Acc Traps Triggered 5 | . . . 1 2 1 . 1 . . . . . . . . . . . . . Indirectly . | . . . . . . . . . . . . . . . . . . . . . Trap Hack Attempts 56 | . . . . . 54 . . . . . . . . . . . . 2 . . Triggered . | . . . . . . . . . . . . . . . . . . . . . Disarmed 2 | . . . . . 2 . . . . . . . . . . . . . . . Reprogrammed 3 | . . . . . 2 . . . . . . . . . . . . 1 . . Reused 5 | . . . . . . . . . . . . 1 . . . 2 . 2 . . Traps Extracted 8 | . . . . . 2 . . . . . . . . . . 5 . 1 . . Installed 12 | . . . . . . . . 3 1 . . 2 . . . 3 . 3 . . Triggered 5 | . . . . . . . . . . . . 1 . . . 2 . 2 . . Most Traps Carried 4 | . . . . . 2 2 2 4 1 . 2 2 . . . 4 2 3 . . Machines | -11 -10 -10 -9 -8 -7 -6 -5 -5 -5 -5 -4 -4 -4 -4 -4 -3 -3 -3 -2 -1 ---------- Run | Yrd Mat Min Mat Mat Fac Fac Fac Upp Upp Zhi Pro Fac Upp Upp War Pro Res Tes Res Acc Machines Disabled 8 | . . . . 1 . . 1 1 . . . . . . 1 . . . 1 3 Max in Single Turn 1 | . . . . 1 . . 1 1 . . . . . . 1 . . . 1 1 Garrison Access 5 | . . . . . . 1 . . . . . 1 . . . . . 1 2 . Machines Repaired . | . . . . . . . . . . . . . . . . . . . . . Machines Dismantled . | . . . . . . . . . . . . . . . . . . . . . Machines Sabotaged . | . . . . . . . . . . . . . . . . . . . . . Overloaded Fab Kills . | . . . . . . . . . . . . . . . . . . . . . Hacking | -11 -10 -10 -9 -8 -7 -6 -5 -5 -5 -5 -4 -4 -4 -4 -4 -3 -3 -3 -2 -1 --------- Run | Yrd Mat Min Mat Mat Fac Fac Fac Upp Upp Zhi Pro Fac Upp Upp War Pro Res Tes Res Acc Machines Accessed 28 | . 1 . 3 2 2 1 2 2 . 4 . 2 . . 2 . 2 3 1 1 Terminals 11 | . 1 . 3 1 2 . . . . . . . . . . . 2 2 . . Fabricators 2 | . . . . . . . 2 . . . . . . . . . . . . . Repair Stations . | . . . . . . . . . . . . . . . . . . . . . Recycling Units . | . . . . . . . . . . . . . . . . . . . . . Scanalyzers . | . . . . . . . . . . . . . . . . . . . . . Garrison Access 7 | . . . . 1 . 1 . . . . . 2 . . . . . 1 1 1 Total Hacks 70 | . 8 . 6 5 4 1 4 2 . 17 . 4 . . 6 . 2 8 1 2 Successful 40 | . 3 . 3 . 2 1 2 2 . 17 . 1 . . 6 . . 2 1 . Failed 30 | . 5 . 3 5 2 . 2 . . . . 3 . . . . 2 6 . 2 Catastrophic 8 | . . . 1 . . . 1 . . . . 1 . . . . 2 2 . 1 Database Lockouts . | . . . . . . . . . . . . . . . . . . . . . Manual 13 | . 5 . 1 2 3 . . . . . . . . . . . 2 . . . Terminals 26 | . 8 . 6 2 4 . . . . . . . . . . . 2 4 . . Fabricators 4 | . . . . . . . 4 . . . . . . . . . . . . . Repair Stations . | . . . . . . . . . . . . . . . . . . . . . Recycling Units . | . . . . . . . . . . . . . . . . . . . . . Scanalyzers . | . . . . . . . . . . . . . . . . . . . . . Garrison Access 15 | . . . . 3 . 1 . . . . . 4 . . . . . 4 1 2 Terminal Hacks 33 | . 3 . 3 . 1 . . 2 . 17 . . . . 6 . . 1 . . Record 6 | . . . . . . . . 1 . 5 . . . . . . . . . . Part Schematic 5 | . 1 . . . . . . . . 4 . . . . . . . . . . Robot Schematic 1 | . 1 . . . . . . . . . . . . . . . . . . . Robot Analysis 5 | . 1 . . . . . . . . 4 . . . . . . . . . . Prototype ID Bank 10 | . . . 1 . . . . . . 4 . . . . 5 . . . . . Open Door 3 | . . . . . . . . 1 . . . . . . 1 . . 1 . . Locate Traps 1 | . . . 1 . . . . . . . . . . . . . . . . . Zone Layout 2 | . . . 1 . 1 . . . . . . . . . . . . . . . Fabricator Hacks 2 | . . . . . . . 2 . . . . . . . . . . . . . Load Schematic 1 | . . . . . . . 1 . . . . . . . . . . . . . Build 1 | . . . . . . . 1 . . . . . . . . . . . . . Repair Station Hacks . | . . . . . . . . . . . . . . . . . . . . . Recycling Unit Hacks . | . . . . . . . . . . . . . . . . . . . . . Scanalyzer . | . . . . . . . . . . . . . . . . . . . . . Garrison Access Hacks 4 | . . . . . . 1 . . . . . 1 . . . . . 1 1 . Seal Access 4 | . . . . . . 1 . . . . . 1 . . . . . 1 1 . Unauthorized Hacks 1 | . . . . . 1 . . . . . . . . . . . . . . . Terminals 1 | . . . . . 1 . . . . . . . . . . . . . . . Assimilate 1 | . . . . . 1 . . . . . . . . . . . . . . . Fabricators . | . . . . . . . . . . . . . . . . . . . . . Repair Stations . | . . . . . . . . . . . . . . . . . . . . . Recycling Units . | . . . . . . . . . . . . . . . . . . . . . Scanalyzers . | . . . . . . . . . . . . . . . . . . . . . Garrison Access . | . . . . . . . . . . . . . . . . . . . . . Data Cores Recovered 1 | . . . . . . . . . . . . . . . . . . . . 1 Used . | . . . . . . . . . . . . . . . . . . . . . Hacking Detections 15 | . 1 . 3 2 2 . 1 . . . . 1 . . . . 2 2 . 1 Full Trace Events 2 | . . . . 1 . . . . . . . 1 . . . . . . . . Feedback Events 1 | . . . . . . . . . . . . 1 . . . . . . . . Corruption 1 | . . . . . . . . . . . . 1 . . . . . . . . Feedback Blocked . | . . . . . . . . . . . . . . . . . . . . . Robot Schematics Acquired 1 | . 1 . . . . . . . . . . . . . . . . . . . Robots Built . | . . . . . . . . . . . . . . . . . . . . . Authchips . | . . . . . . . . . . . . . . . . . . . . . Time . | . . . . . . . . . . . . . . . . . . . . . Total Robot Build Rating . | . . . . . . . . . . . . . . . . . . . . . Part Schematics Acquired 5 | . 1 . . . . . . . . 4 . . . . . . . . . . Parts Built 2 | . . . . . . . 2 . . . . . . . . . . . . . Authchips . | . . . . . . . . . . . . . . . . . . . . . Time 58 | . . . . . . . 58 . . . . . . . . . . . . . Total Part Build Rating 14 | . . . . . . . 14 . . . . . . . . . . . . . Part Studies Acquired . | . . . . . . . . . . . . . . . . . . . . . Parts Repaired . | . . . . . . . . . . . . . . . . . . . . . Time . | . . . . . . . . . . . . . . . . . . . . . Parts Recycled . | . . . . . . . . . . . . . . . . . . . . . Recycled Matter . | . . . . . . . . . . . . . . . . . . . . . Retrieved Matter . | . . . . . . . . . . . . . . . . . . . . . Retrieved Components . | . . . . . . . . . . . . . . . . . . . . . Parts Scanalyzed . | . . . . . . . . . . . . . . . . . . . . . Part Schematics Acquired . | . . . . . . . . . . . . . . . . . . . . . Parts Damaged . | . . . . . . . . . . . . . . . . . . . . . Bothacking | -11 -10 -10 -9 -8 -7 -6 -5 -5 -5 -5 -4 -4 -4 -4 -4 -3 -3 -3 -2 -1 ------------ Run | Yrd Mat Min Mat Mat Fac Fac Fac Upp Upp Zhi Pro Fac Upp Upp War Pro Res Tes Res Acc Used RIF Installer . | . . . . . . . . . . . . . . . . . . . . . Robots Hacked 2 | . . . . . 1 . . . . . . . . . . . . 1 . . Non-combat 2 | . . . . . 1 . . . . . . . . . . . . 1 . . Combat . | . . . . . . . . . . . . . . . . . . . . . Robot Hacks Applied 2 | . . . . . 1 . . . . . . . . . . . . 1 . . no_distress 2 | . . . . . 1 . . . . . . . . . . . . 1 . . Relay Couplers Released 2 | . . . . . . . . . . . . . . . . . . . 2 . Machine Destruction 2 | . . . . . . . . . . . . . . . . . . . 2 . Fabnet Peak Effective % . | . . . . . . . . . . . . . . . . . . . . . Robots Rewired 6 | . . . . . . . . . . . . . 1 . 5 . . . . . Allies Hacked . | . . . . . . . . . . . . . . . . . . . . . Hacks Repelled . | . . . . . . . . . . . . . . . . . . . . . Allies | -11 -10 -10 -9 -8 -7 -6 -5 -5 -5 -5 -4 -4 -4 -4 -4 -3 -3 -3 -2 -1 -------- Run | Yrd Mat Min Mat Mat Fac Fac Fac Upp Upp Zhi Pro Fac Upp Upp War Pro Res Tes Res Acc Total Allies 7 | . . . . . 1 . . . . . . . 1 . 5 . . . . . Largest Group 5 | . . . . . 1 . . . . . . . 1 . 5 . . . . . Highest-Rated Group 266 | . . . . . 26 . . . . . . . 27 . 266 . . . . . Highest-Rated Ally 56 | . . . . . 26 . . . . . . . 27 . 56 . . . . . Total Orders 4 | . . . . . . . . . . . . . . . 4 . . . . . STAY 4 | . . . . . . . . . . . . . . . 4 . . . . . Ally Attacks 26 | . . . . . . . . . . . . . . . 26 . . . . . Total Damage 1260 | . . . . . . . . . . . . . . . 1260 . . . . . Kills 7 | . . . . . . . . . . . . . . . 7 . . . . . Allies Corrupted . | . . . . . . . . . . . . . . . . . . . . . Allies Melted 3 | . . . . . . . . . . . . . . . . . . . 3 . Intel | -11 -10 -10 -9 -8 -7 -6 -5 -5 -5 -5 -4 -4 -4 -4 -4 -3 -3 -3 -2 -1 ------- Run | Yrd Mat Min Mat Mat Fac Fac Fac Upp Upp Zhi Pro Fac Upp Upp War Pro Res Tes Res Acc Active Infowar (turns) 9910 | 167 590 836 1336 970 105 484 343 306 111 93 339 248 407 424 1228 323 254 437 496 413 Sensors 4554 | . . . . 1 105 484 343 306 111 93 339 248 407 424 274 323 254 437 282 123 Traps 3792 | . . . . . . . 291 306 111 93 336 248 168 . 1228 323 254 434 . . Seismic 3899 | 167 590 836 1336 970 . . . . . . . . . . . . . . . . T.N.C. 626 | . . . . . . . . . . . . . . . . . . . 213 413 ECM 1 | . . . . . . . . . . . . . . . . . . . 1 . Robot Analysis Total 5 | . 1 . . . . . . . . 4 . . . . . . . . . . Derelict Logs Recovered 5 | . . 1 . . . . . 1 1 . 1 . 1 . . . . . . . Drone Launches . | . . . . . . . . . . . . . . . . . . . . . Drone Recoveries . | . . . . . . . . . . . . . . . . . . . . . Exploration | -11 -10 -10 -9 -8 -7 -6 -5 -5 -5 -5 -4 -4 -4 -4 -4 -3 -3 -3 -2 -1 ------------- Run | Yrd Mat Min Mat Mat Fac Fac Fac Upp Upp Zhi Pro Fac Upp Upp War Pro Res Tes Res Acc Turns Passed 11290 | 249 590 836 1336 1002 535 518 345 306 111 93 339 248 407 506 1264 323 254 447 1059 522 Spaces Moved 10490 | 143 279 378 528 515 631 433 530 557 253 177 497 290 353 366 1067 481 352 440 1595 625 Core 331 | 9 . . . . . . . . . . . . . 38 77 . . 13 91 103 Treads . | . . . . . . . . . . . . . . . . . . . . . Legs 1826 | 134 279 378 528 507 . . . . . . . . . . . . . . . . Wheels . | . . . . . . . . . . . . . . . . . . . . . Hover 8181 | . . . . 8 631 433 530 557 253 177 497 290 353 328 990 481 352 427 1475 399 Flight 152 | . . . . . . . . . . . . . . . . . . . 29 123 Fastest Speed 35 | 50 120 190 120 48 44 40 40 43 43 43 44 37 41 50 50 58 58 50 37 35 Average Speed 76 | 115 164 190 189 142 56 43 40 43 43 45 46 39 61 120 72 58 58 58 56 50 Slowest Speed 220 | 120 190 190 190 200 112 104 43 43 43 47 47 111 132 220 160 58 124 150 120 126 Overloaded Moves 22 | . . . . . . . . . . . . . . . . . . . . 22 Propulsion Burnouts 1 | . . . . . . . . . . . . . . . . . . . . 1 Robots Hopped 4 | . . . . . . . . . . . . . . . . . . . . 4 Potential Cave-ins . | . . . . . . . . . . . . . . . . . . . . . Cave-ins Triggered . | . . . . . . . . . . . . . . . . . . . . . Teleports 1 | . . . . . . . . . . . . . . 1 . . . . . . Exploration Rate (%) 43 | 8 52 83 43 54 17 18 15 69 48 60 59 5 51 62 84 68 10 39 48 13 Regions Visited 20 Branch Regions 10 Pre-discovered Areas 4 | . . . . . . . . . . 3 . . 1 . . . . . . . Known Exits Taken 14 | . . . 1 . . . 1 1 1 1 1 1 1 1 1 1 1 1 1 . Unknown Exits Taken 6 | 1 1 1 . 1 1 1 . . . . . . . . . . . . . . Scrap Searched 10 | . . 3 . . . . . . 2 . 2 . 2 . . 1 . . . . Spaces Dug 11 | . . . . . 1 3 . . . . 2 . . 4 . . . . 1 . Terrain Destroyed 116 | . . . . . 1 3 . . . . 2 . . 4 . . . . 1 105 Melee 10 | . . . . . 1 3 . . . . 2 . . 4 . . . . . . Projectile 24 | . . . . . . . . . . . . . . . . . . . 1 23 AOE 82 | . . . . . . . . . . . . . . . . . . . . 82 Terrain Rammed . | . . . . . . . . . . . . . . . . . . . . . Walls Destroyed . | . . . . . . . . . . . . . . . . . . . . . Machines Disabled . | . . . . . . . . . . . . . . . . . . . . . Actions | -11 -10 -10 -9 -8 -7 -6 -5 -5 -5 -5 -4 -4 -4 -4 -4 -3 -3 -3 -2 -1 --------- Run | Yrd Mat Min Mat Mat Fac Fac Fac Upp Upp Zhi Pro Fac Upp Upp War Pro Res Tes Res Acc Total 13215 | 183 370 458 715 655 798 752 661 611 254 185 597 420 542 404 1548 522 400 637 1743 760 Wait 1874 | . 64 42 34 44 79 303 89 36 1 1 89 113 186 12 443 29 37 159 64 49 Move 10462 | 142 278 377 527 514 630 432 529 556 252 176 496 289 352 365 1066 480 351 439 1594 617 Hop 4 | . . . . . . . . . . . . . . . . . . . . 4 Pick Up 90 | 8 1 6 19 5 10 4 8 3 . 1 . . . 1 1 3 3 5 10 2 Fast Attach 95 | 7 . . 6 3 4 1 6 1 . 2 2 . . 2 6 . 2 5 39 9 Attach 52 | . . . 3 8 6 2 2 . . . 1 7 1 3 4 2 . . 7 6 Detach 15 | . . . . 1 1 . 3 . . . . 2 2 2 1 . . 1 . 2 Swap 53 | . 2 7 13 7 3 . 5 1 . 1 1 2 . . 1 . 2 2 6 . Drop 122 | 1 1 5 28 7 2 4 13 3 . 2 3 1 . 1 7 2 5 11 21 5 Fire 305 | 25 24 21 85 64 6 . 1 . . . . 4 . . 4 3 . . 2 66 Melee 56 | . . . . . 3 6 5 8 . 2 5 . 1 18 . . . 8 . . Ram . | . . . . . . . . . . . . . . . . . . . . . Kick 2 | . . . . 2 . . . . . . . . . . . . . . . . Crush . | . . . . . . . . . . . . . . . . . . . . . Escape Stasis . | . . . . . . . . . . . . . . . . . . . . . Rewire 17 | . . . . . . . . . . . . . . . 15 . . 2 . . Trap 68 | . . . . . 54 . . 3 1 . . 2 . . . 3 . 5 . . Miscellaneous . | . . . . . . . . . . . . . . . . . . . . . Route ------- -11/Scrapyard -10/Materials (discovered 3 exits: *Mat / [*Min x2]) -10/Mines -9/Materials (discovered 3 exits: *Mat x2 / [*Min]) -8/Materials -7/Factory -6/Factory -5/Factory -5/Upper Caves -5/Upper Caves (discovered 2 exits: *Fac / *Zhi) -5/Zhirov -4/Proximity Caves -4/Factory (discovered 2 exits: *Upp / Arm) -4/Upper Caves -4/Upper Caves -4/Warlord -3/Proximity Caves -3/Research (discovered 2 exits: Res / *Tes) -3/Testing -2/Research (discovered 2 exits: *Acc x2) -1/Access History --------- Turn | Location | Event 9 | -11/Scrapyard | Discovered new exit (range 16) 250 | -11/Scrapyard | Entered Materials 308 | -10/Materials | Build established: Mutant 355 | -10/Materials | Discovered new exit (range 11) 696 | -10/Materials | Discovered new exit (range 15) 806 | -10/Materials | Discovered new exit (range 9) 840 | -10/Materials | Entered Mines 1033 | -10/Mines | Learned location of 1 exit from Materials 1104 | -10/Mines | Assembled infested the area 1255 | -10/Mines | Found a damaged Exp. Sensor Array with a note attached 1259 | -10/Mines | Found Prototype Device 1416 | -10/Mines | Discovered new exit (range 4) 1578 | -10/Mines | Joined a pair of Derelicts in attacking an 0b10 outpost 1676 | -10/Mines | Entered Materials 1676 | -9/Materials | Evolved 2 slots: Propulsion x1, Utility x1 1677 | -9/Materials | Identified exit to Materials 1958 | -9/Materials | Build established: Scavenger-Mutant 2904 | -9/Materials | Discovered new exit (range 12) 2980 | -9/Materials | Discovered exit to Materials (range 14) 3012 | -9/Materials | Entered another Materials area 3012 | -8/Materials | Evolved 2 slots: Propulsion x1, Utility x1 3042 | -8/Materials | Identified Exp. Sensor Array 3950 | -8/Materials | Destroyed 7 combat bots 3955 | -8/Materials | Lost 3 parts (1p1n1u) 4001 | -8/Materials | Core integrity fell below 50% 4012 | -8/Materials | Discovered new exit (range 4) 4014 | -8/Materials | Entered Factory 4014 | -7/Factory | Evolved 2 slots: Propulsion x1, Utility x1 4035 | -7/Factory | Lost 8 parts (1p4n1u2w) 4148 | -7/Factory | Build established: Mutant 4524 | -7/Factory | Discovered new exit (range 9) 4549 | -7/Factory | Entered another Factory area 4549 | -6/Factory | Evolved 2 slots: Propulsion x1, Utility x1 5055 | -6/Factory | Discovered new exit (range 13) 5067 | -6/Factory | Entered another Factory area 5067 | -5/Factory | Evolved 2 slots: Power x1, Utility x1 5303 | -5/Factory | Fabricated HERF Cannon (x2) 5326 | -5/Factory | Discovered new exit (range 5) 5330 | -5/Factory | Identified exit to Upper Caves 5412 | -5/Factory | Entered Upper Caves 5444 | -5/Upper Caves | Build established: Scout 5558 | -5/Upper Caves | Learned location of 1 exit from Factory 5600 | -5/Upper Caves | Found Alien Artifact 5714 | -5/Upper Caves | Discovered new exit (range 7) 5717 | -5/Upper Caves | Identified exit to Upper Caves 5718 | -5/Upper Caves | Entered another Upper Caves area 5718 | -5/Upper Caves | Discovered new exit (range 12) 5819 | -5/Upper Caves | Learned Factory stockpile data 5824 | -5/Upper Caves | Discovered new exit (range 13) 5828 | -5/Upper Caves | Identified exit to Zhirov 5829 | -5/Upper Caves | Entered Zhirov 5829 | -5/Zhirov | Discovered new exit (range 3) 5837 | -5/Zhirov | Met Zhirov 5847 | -5/Zhirov | Learned location of Command (-1) 5847 | -5/Zhirov | Learned location of Testing (-3) 5847 | -5/Zhirov | Learned location of Quarantine (-2) 5849 | -5/Zhirov | Zhirov requested help retrieving the SGEMP Prototype 5857 | -5/Zhirov | Found Alien Artifact 5857 | -5/Zhirov | Identified Integrated Dissipator 5857 | -5/Zhirov | Installed Integrated Dissipator, increased core heat dissipation (+20) 5867 | -5/Zhirov | Found Alien Artifact 5921 | -5/Zhirov | Identified exit to Proximity Caves 5922 | -5/Zhirov | Entered Proximity Caves 6005 | -4/Proximity Caves | Learned location of 1 exit from Research 6150 | -4/Proximity Caves | Spotter reported a threat 6225 | -4/Proximity Caves | Spotted B-86 Titan 6234 | -4/Proximity Caves | Spotter reported a threat 6257 | -4/Proximity Caves | Discovered new exit (range 9) 6261 | -4/Proximity Caves | Identified exit to Factory 6261 | -4/Proximity Caves | Entered Factory 6261 | -4/Factory | Evolved 2 slots: Propulsion x1, Utility x1 6262 | -4/Factory | Identified exit to Armory 6446 | -4/Factory | Identified Dimensional Node Initializer 6446 | -4/Factory | Initialized slip node 6450 | -4/Factory | Discovered new exit (range 12) 6506 | -4/Factory | Identified exit to Upper Caves 6509 | -4/Factory | Entered Upper Caves 6520 | -4/Upper Caves | Encountered a Warlord checkpoint 6652 | -4/Upper Caves | Spotted B-86 Titan 6717 | -4/Upper Caves | Lost 4 parts (3n1u) 6910 | -4/Upper Caves | Discovered new exit (range 4) 6914 | -4/Upper Caves | Identified exit to Upper Caves 6916 | -4/Upper Caves | Entered another Upper Caves area 6986 | -4/Upper Caves | Build established: Mutant 7301 | -4/Upper Caves | Identified Transdimensional Reconstructor 7301 | -4/Upper Caves | Warped through subspace 7348 | -4/Upper Caves | Core integrity fell below 50% 7389 | -4/Upper Caves | Spotted B-86 Titan 7401 | -4/Upper Caves | Core integrity fell below 20% 7418 | -4/Upper Caves | Discovered new exit (range 8) 7422 | -4/Upper Caves | Identified exit to Warlord 7422 | -4/Upper Caves | Entered Warlord 7434 | -4/Warlord | Lost 10 parts (2p5n2u1w) 7440 | -4/Warlord | System corruption cleaned by Quarantine Array 7672 | -4/Warlord | Received a Watcher feed algorithm from an ecstatic Tinkerer 7905 | -4/Warlord | Met Warlord 7930 | -4/Warlord | Warlord's base attacked by MAIN.C 8085 | -4/Warlord | Build established: Commander-Mutant 8280 | -4/Warlord | Warlord forces counterattacked 8378 | -4/Warlord | Spotted Executioner 8379 | -4/Warlord | Spotted B-86 Titan 8439 | -4/Warlord | Lost 12 allies 8541 | -4/Warlord | Found Prototype Device 8541 | -4/Warlord | Identified Minesniffer Drone Bay 8605 | -4/Warlord | Warlord base infiltrated, sounded retreat 8665 | -4/Warlord | Opened side exit 8679 | -4/Warlord | Discovered new exit (range 12) 8683 | -4/Warlord | Identified exit to Proximity Caves 8686 | -4/Warlord | Entered Proximity Caves 8689 | -3/Proximity Caves | Spotter reported a threat 8689 | -3/Proximity Caves | Spotter reported a threat 8769 | -3/Proximity Caves | Build established: Scout 8785 | -3/Proximity Caves | Attracted the attention of an 0b10 checkpoint 9004 | -3/Proximity Caves | Spotter reported a threat 9007 | -3/Proximity Caves | Discovered new exit (range 5) 9008 | -3/Proximity Caves | Identified exit to Research 9009 | -3/Proximity Caves | Entered Research 9009 | -3/Research | Evolved 2 slots: Utility x2 9010 | -3/Research | Identified exit to Research 9259 | -3/Research | Search patrols dispatched 9259 | -3/Research | Discovered new exit (range 8) 9263 | -3/Research | Identified exit to Testing 9263 | -3/Research | Entered Testing 9700 | -3/Testing | Discovered exit to Research (range 15) 9710 | -3/Testing | Entered Research 9710 | -2/Research | Warlord forces began assault on 0b10 9710 | -2/Research | Evolved 2 slots: Propulsion x1, Utility x1 9740 | -2/Research | Lost 8 parts (1p3n3u1w) 9766 | -2/Research | Spotted B-90 Cyclops 9820 | -2/Research | Research machine network offline 9990 | -2/Research | Build established: Mutant 10156 | -2/Research | Borebot progress halted 10196 | -2/Research | Borebot progress halted 10250 | -2/Research | Released all parts (14) 10250 | -2/Research | Spotted Striker 10250 | -2/Research | Spotted Executioner 10341 | -2/Research | Spotted Executioner 10385 | -2/Research | Lost 4 allies 10403 | -2/Research | Core integrity fell below 50% 10429 | -2/Research | Lost 4 parts (1p3n) 10433 | -2/Research | Met DD-05H 10489 | -2/Research | Met up with Warlord 10542 | -2/Research | Discovered new exit (range 14) 10608 | -2/Research | Found Prototype Processor 10608 | -2/Research | Identified Exp. Core Analyzer 10614 | -2/Research | Found Exp. Core Analyzer 10616 | -2/Research | Found Exp. Core Analyzer 10619 | -2/Research | Found Faulty Exp. Core Analyzer 10621 | -2/Research | Found Faulty Exp. Core Analyzer 10656 | -2/Research | Found Prototype Launcher 10656 | -2/Research | Identified Gui. Micro-nuke Launcher 10681 | -2/Research | Found Prototype Device 10681 | -2/Research | Identified Exp. Focal Shield 10703 | -2/Research | Spotted ON-J7A(g) 10751 | -2/Research | Discovered new exit (range 15) 10756 | -2/Research | Identified exit to Access 10769 | -2/Research | Entered Access 10769 | -1/Access | Evolved 2 slots: Utility x1, Weapon x1 10783 | -1/Access | Garrison activated, responded to threat 10803 | -1/Access | Build established: Scavenger-Mutant 10807 | -1/Access | Garrison activated, responded to threat 10875 | -1/Access | Destroyed 7 combat bots 10979 | -1/Access | System corruption reached 10% 11016 | -1/Access | Lost 8 parts (1p4n1u2w) 11038 | -1/Access | Found Prototype Device 11038 | -1/Access | Identified Exp. Thermal Defense Suite 11182 | -1/Access | Released all parts (10) 11211 | -1/Access | Lost 9 parts (1p4n4u) 11261 | -1/Access | Core integrity fell below 50% 11283 | -1/Access | Core integrity fell below 20% 11291 | -1/Access | Destroyed by H-88 Terminator with KE Penetrator Last Messages --------------- 11260_ Slug penetrates Wall. 11263_ Penetrated by Slug. 11264_ Slug penetrates Wall. 11265_ Penetrated by Slug. 11268_ Slug penetrates H-88 Terminator. 11269_ Penetrated by Slug. 11269_ Slug penetrates U-05 Engineer. 11271_ U-05 Engineer destroyed. 11271_ Penetrated by Slug. 11274_ Slug penetrates Door. 11279_ 3JIPWXZGGXK2/ MS|IUQYZTHV=N%E1IHLZEFI 11279_ Slug penetrates Signal Shield. 11279_ Penetrated by Slug. 11283_ Slug penetrates Wall. 11284_ R-10 Processor collects Adv. Remote Datajack. 11285_ Penetrated by Slug. 11289_ R-10 Processor collects Adv. Heat Sink. 11291_ ALERT: Potential suspicious activity detected, Programmers report to Access Zone 1D. 11291_ Penetrated by Slug. Map ----- +----------------------------------------------------+ | | | | | | | | | | | | | | | | | | | | | ??????????#################??????????????????????? | | ??????????# #??????????????????????? | | ??????????# #??????????????????????? | | ??###?????# #??????????????????????? | | ###"#?????# #??????????????????????? | | # #######* #??????????????????????? | | ! = ]*! =! #??????????????????????? | | # #""####= !! #??????????????????????? | | ########??# #??????????????????????? | | ??????????# |[ #??????????????????????? | | ??????????# #??????????????????????? | | ??????????###"####R####################+?????????? | | ?????????????## u ?????????? | | ??????????????# !% ????????? | | ??????????????# ! ????????? | | ??????????????# @ ????????? | | ??????????????# u ????????? | | ??????????????# h h ????????? | | ??????????????# p ?????????? | | ??????????????# #########+### ####?????????? | | ??????????????# #???? ? ??? #????????????? | | ###+########### #????? ?????? #????????????? | | #?????????????? #????????????? | | #??????????????? w #????????????? | | #???????????????? #????????????? | | # """ """ #????????????????? #????????????? | | ### """"""" #?????????????????? ????????????? | | ??# """"""" #????????????????????????????????? | | ??# """ #????????????????????????????????? | | ??# """" #????????????????????????????????? | | ??# """" #????????????????????????????????? | | #?#|! """ #????????????????????????????????? | | #%=! #????????????????????????????????? | | #=! #????????????????????????????????? | | + #????????????????????????????????? | | #### #?#####??????????????????????????? | | ##?# # ?????????????????????????? | | ???# #= ????????????????????????? | | ######"## # """???????????????????????????? | | """"" # # """???????????????????????????? | +----------------------------------------------------+ Best States ------------- Heat Dissipation 162 Energy Generation 49 Energy Capacity 600 Matter Stores 300 Matter Capacity 300 Sight Range 16 Robot Scan Range 20 Terrain Scan Density 210 Power Amplification 20 Additional Mass Support 16 Armor Coverage 225 Resistance: KI 30 Core Shielding 40 Propulsion Shielding 66 Evasion (%) 69 Targeting Accuracy 22 Core Analysis 12 Offensive Hacking 10 Defensive Hacking 12 Trap Extractor Capacity 4 Item Schematics ----------------- Lrg. Storage Unit | -10/Materials | Hacked Imp. Arc Thrower | -5/Zhirov | Free Exp. Optical Array | -5/Zhirov | Free Exp. Heat Sink | -5/Zhirov | Free Assault Drone Bay | -5/Zhirov | Free Robot Schematics ------------------ M-13 Machinist | -10/Materials | Hacked Fabricated ------------ HERF Cannon | x2 | -5/Factory | Preloaded Repaired ---------- Nothing Studied --------- None Alien Tech Used ----------------- Integrated Dissipator Dimensional Node Initializer Transdimensional Reconstructor Achievements -------------- None Challenges ------------ None Game ------ Seed PotentialAnalysisNukerbomber Manual? 0 Play Time 01:31:37 Cumulative 283.8 hours Start 2025.11.17 @ 19:13:35 End 2025.11.17 @ 21:04:43 Sessions 1 Manual Loads 0 Difficulty Rogue Special Mode None Game No. 609 Rogue 609 Adventurer 0 Explorer 0 Win Type - Total 20 Types 14/0/4/1/1/0/0/0/0/0 Lore% 80 Gallery% 72 Achievement% 50 Wizard Run 0 Options --------- Layout 0 ASCII 0 Keyboard 0 Movement Numpad Keybinds 0 Fullscreen 2 Font 18/Terminus Map View 76x50 Zoom Use 0% Tactical HUD 1 Map Filters NONE Filters SATURATION(100) Steam 1 RUN: 18b75ed7-5eb6-4db1-81c8-e233a1a82d6d